 Dungeon Crawl Stone Soup version 0.18.1-1-g2f07953 (webtiles) character file.

784 nikopol the Chopper (level 7, 0/91 HPs)
             Began as a Hill Orc Berserker on May 7, 2016.
             Was an Elder of Trog.
             Slain by an orc warrior
             ... wielding a +0 mace
              (3 damage)
             ... on level 6 of the Dungeon.
             The game lasted 00:14:19 (3840 turns).

nikopol the Chopper (Hill Orc Berserker)            Turns: 3840, Time: 00:14:20

Health: 0/91       AC:  9    Str: 25    XL:     7   Next: 86%
Magic:  16/16      EV: 12    Int:  7    God:    Trog [****..]
Gold:   338        SH:  4    Dex: 12    Spells: 0 memorised, 6 levels left

rFire  . . .     SeeInvis .     F - +2 hand axe (chop)
rCold  . . .     Gourm    .     l - +0 ring mail
rNeg   . . .     Faith    .     k - +0 buckler
rPois  .         Spirit   .     D - +1 helmet
rElec  .         Dismiss  .     (no cloak)
rCorr  .         Reflect  .     H - +0 pair of gloves
SustAt .         Harm     .     (no boots)
MR     .....                    (no amulet)
Stlth  ..........               t - ring of flight
                                j - ring of magical power

@: berserking, very quick, not resistant to hostile enchantments, extremely
unstealthy
A: no striking features
a: Berserk, Trog's Hand, Brothers in Arms, Burn Spellbooks, Renounce Religion,
Evoke Flight


You were on level 6 of the Dungeon.
You worshipped Trog.
Trog was greatly pleased with you.
You were not hungry.

You visited 1 branch of the dungeon, and saw 6 of its levels.

You collected 338 gold pieces.

Inventory:

Hand Weapons
 a - a +0 hand axe
 v - a +2 hand axe of flaming
 F - a +2 hand axe of chopping (weapon)
Missiles
 B - 3 tomahawks (quivered)
Armour
 b - a +0 animal skin
 k - a +0 buckler (worn)
 l - a +0 ring mail (worn)
 D - a +1 helmet (worn)
 H - a +0 pair of gloves (worn)
Jewellery
 j - a ring of magical power (left hand)
 t - a ring of flight (right hand)
Wands
 y - a wand of enslavement (15/24)
 E - a wand of lightning (7/15)
Scrolls
 d - 3 scrolls of teleportation {unknown}
 f - 4 scrolls of identify {unknown}
 m - a scroll of blinking {unknown}
 n - a scroll of immolation {unknown}
 o - a scroll of fear {unknown}
 s - 5 scrolls of remove curse {unknown}
 u - 2 scrolls of recharging {unknown}
 A - a scroll of fog {unknown}
 C - a scroll of enchant armour {unknown}
Potions
 e - 3 potions of heal wounds {unknown}
 i - 4 potions of curing {unknown}
 p - 3 potions of lignification {unknown}
 q - a potion of agility {unknown}
 w - a potion of degeneration {unknown}
 x - a potion of haste {unknown}
 z - a potion of mutation {unknown}
 J - a potion of might {unknown}
Comestibles
 c - 2 bread rations
 g - a beef jerky
 h - 3 meat rations
 r - 12 fruits
 G - 5 chunks of flesh
 I - a slice of pizza


   Skills:
 + Level 5.4 Fighting
 * Level 6.6 Axes
 + Level 3.2 Throwing
 + Level 4.2 Armour
 + Level 3.4 Dodging
 * Level 1.6 Shields


You had 6 spell levels left.
You didn't know any spells.

Dungeon Overview and Level Annotations

Branches:
Dungeon (6/15)             Temple (0/1) D:4

Altars:
Elyvilon
Xom

Shops:
D:5 :


Message History

You hit the orc warrior but do no damage.
The orc warrior is moderately wounded.
The orc wizard gestures wildly while chanting.
The orc wizard blinks!
You closely miss the orc warrior.
The orc warrior is moderately wounded.
You slash the orc wizard!
You kill the orc wizard!
Trog accepts your kill.
Trog appreciates your killing of a magic user.
The orc warrior hits you with a mace!
* * * LOW HITPOINT WARNING * * *
You closely miss the orc warrior.
The orc warrior is moderately wounded.
You barely miss the orc warrior.
The orc warrior is moderately wounded.
You hit the worker ant.
The worker ant is moderately wounded.
The orc warrior hits you with a mace.
You die...

.[.# ...# >..# ...#
...# .###### .......
#######
###...#########.ยง...#
...............a@o#
###...###.#######)#
##......# (# #.####.#
.# ####......# (.
.....####.# (# ######
#.# (# #.# <#


You could see an orc warrior and a worker ant.

Vanquished Creatures
  2 ogres
  A howler monkey (D:4)
  3 crimson imps (D:5)
  5 orc wizards
  Natasha (thrice) (D:2)
  5 worker ants
  3 adders
  A shadow imp (D:6)
  An adder skeleton (D:5)
  A worm (D:3)
  5 giant geckos
  13 orcs
  7 giant cockroaches
  8 goblins
  9 hobgoblins
  7 jackals
  3 kobolds
  A quokka (D:4)
  3 ball pythons
  8 bats
  A giant gecko skeleton (D:5)
  5 giant newts
  A jackal skeleton (D:4)
  10 rats
106 creatures vanquished.

Vanquished Creatures (others)
  An orc (D:3)
1 creature vanquished.

Grand Total: 107 creatures vanquished

Notes
Turn   | Place    | Note
--------------------------------------------------------------
     0 | D:1      | nikopol the Hill Orc Berserker began the quest for the Orb.
     0 | D:1      | Reached XP level 1. HP: 19/19 MP: 1/1
   230 | D:1      | Reached XP level 2. HP: 27/27 MP: 2/2
   628 | D:2      | Reached XP level 3. HP: 15/33 MP: 3/3
   631 | D:2      | Reached ** piety under Trog
   841 | D:2      | Noticed Natasha
   857 | D:2      | Killed Natasha
   857 | D:2      | Reached skill level 1 in Throwing
   858 | D:2      | Reached XP level 4. HP: 22/40 MP: 4/4
  1060 | D:2      | Noticed Natasha
  1074 | D:2      | Killed Natasha
  1091 | D:2      | Noticed Natasha
  1101 | D:2      | Killed Natasha
  1101 | D:2      | Reached XP level 5. HP: 6/47 MP: 5/5
  1668 | D:3      | Reached skill level 5 in Axes
  1675 | D:3      | Reached *** piety under Trog
  2076 | D:3      | Found a white marble altar of Elyvilon.
  2312 | D:4      | Reached XP level 6. HP: 48/55 MP: 6/6
  2346 | D:4      | Reached skill level 5 in Fighting
  2706 | D:4      | Reached **** piety under Trog
  2716 | D:4      | Reached XP level 7. HP: 44/61 MP: 7/7
  2903 | D:4      | Found a staircase to the Ecumenical Temple.
  2971 | D:5      | Entered Level 5 of the Dungeon
  3506 | D:5      | Found Oleogan's Book Shop.
  3517 | D:5      | Found a shimmering altar of Xom.
  3556 | D:5      | Reached skill level 6 in Axes
  3737 | D:6      | Reached skill level 1 in Shields
  3838 | D:6      | HP: 3/91 [orc warrior/mace (10)]
  3840 | D:6      | Slain by an orc warrior

Skill      XL: |  1  2  3  4  5  6  7 |
---------------+----------------------+-----
Dodging        | 2 3 |  3.4
Fighting       | 4 5 |  5.4
Throwing       | 1 2 3 |  3.2
Armour         | 3 4 |  4.2
Axes           | 5 6 |  6.6
Shields        | 1 |  1.6

Action                   |  1- 3 |  4- 6 |  7- 9 || total
-------------------------+-------+-------+-------++-------
Melee: Hand axe          |    94 |   159 |    95 ||   348
Throw: Javelin           |     3 |    25 |    19 ||    47
       Tomahawk          |       |    26 |     5 ||    31
Invok: Berserk           |     1 |     1 |     1 ||     3
  Eat: Chunk             |       |     8 |     4 ||    12
Armor: Animal skin       |     4 |       |       ||     4
       Ring mail         |    46 |    65 |    23 ||   134
Dodge: Dodged            |    74 |   103 |    51 ||   228
Block: Buckler           |       |       |     7 ||     7
